 Dungeon Crawl Stone Soup version 0.29.0-10-g45618ea6d2 (webtiles) character file.

Game seed: 16513338088146775576

284 NotreDorf the Poker (level 6, -2/48 HPs)
             Began as a Merfolk Gladiator on Sept 1, 2022.
             Slain by a gnoll
             ... wielding a +0 club
             ... led by a gnoll bouda
              (3 damage)
             ... on level 3 of the Dungeon.
             The game lasted 00:14:10 (3240 turns).

NotreDorf the Poker (Merfolk Gladiator)             Turns: 3240, Time: 00:14:11

Health: -2/48      AC:  4    Str: 15    XL:     6   Next: 29%
Magic:  9/9        EV: 14    Int:  7    God:
Gold:   89         SH:  4    Dex: 17    Spells: 10/10 levels left

rFire   . . .      SeeInvis .   p - +0 halberd
rCold   . . .      Faith    .   (shield currently unavailable)
rNeg    . . .      Spirit   .   b - +0 leather armour
rPois   .          Reflect  .   c - +0 helmet
rElec   .          Harm     .   (no cloak)
rCorr   .          Rampage  .   (no gloves)
Will    .....      Rnd*Tele +   (no boots)
Stlth   +.........              (no amulet)
HPRegen 0.16/turn               (no ring)
MPRegen 0.11/turn               (no ring)

@: no status effects
A: (nimble swimmer 2), mertail, large bone plates 1, teleportitis 1, MP-powered
wands
a: no special abilities


You were on level 3 of the Dungeon.
You visited 1 branch of the dungeon, and saw 4 of its levels.

You collected 139 gold pieces.
You spent 50 gold pieces at shops.

Inventory:

Hand Weapons
 a - a +0 trident
 p - a +0 halberd (weapon)
Missiles
 d - 3 throwing nets (quivered)
Armour
 b - a +0 leather armour (worn)
 c - a +0 helmet (worn)
Jewellery
 i - a ring of fire
 q - an amulet of magic regeneration
Wands
 n - a wand of quicksilver (5)
Scrolls
 m - a scroll of teleportation
Potions
 e - a potion of berserk rage
 f - 3 potions of lignification
 g - a potion of flight
 j - a potion of magic
 k - a potion of resistance
 l - 4 potions of heal wounds


   Skills:
 + Level 3.9 Fighting
 + Level 5.6 Polearms
 - Level 2.0 Throwing
 + Level 5.6 Dodging
 + Level 2.5 Spellcasting


You had 10 spell levels left.
You didn't know any spells.
Your spell library was empty.

Dungeon Overview and Level Annotations

Branches:
Dungeon (4/15)
 Temple: D:4-7

Altars:
Elyvilon
Wu Jian
Yredelemnul

Shops:
D:2 !   D:3 :=([


Innate Abilities, Weirdness & Mutations

((You are very nimble when in or above water. (Stealth+, EV+, Speed+++)))
Your lower body shifts to a powerful aquatic tail in water.
You are partially covered in large bone plates. (SH +4)
You are occasionally teleported next to monsters.
You expend magic power (3 MP) to strengthen your wands.


Message History

You puncture the gnoll bouda!
The gnoll bouda is almost dead.
The gnoll misses you.
The gnoll bouda mumbles some strange prayers to its god.
The gnoll bouda is healed somewhat.
You hit the gnoll bouda but do no damage.
The gnoll bouda is severely wounded.
The gnoll barely misses you. You block the gnoll bouda's attack.
You slash the gnoll bouda!
You kill the gnoll bouda!
The gnoll hits you with a +0 halberd! The gnoll hits you with a +0 club.
* * * LOW HITPOINT WARNING * * *
You hit the gnoll.
The gnoll is moderately wounded.
The gnoll misses you. The gnoll hits you with a +0 club.
* * * LOW HITPOINT WARNING * * *
You closely miss the gnoll.
The gnoll is moderately wounded.
The gnoll barely misses you. x2
You puncture the gnoll!
You kill the gnoll!
You hit the gnoll.
The gnoll is lightly wounded.
The gnoll closely misses you. The gnoll hits you with a +0 whip!
* * * LOW HITPOINT WARNING * * *
The gnoll hits you with a +0 club.
* * * LOW HITPOINT WARNING * * *
The gnoll closely misses you.
You barely miss the gnoll.
The gnoll is lightly wounded.
You block the gnoll's attack. The gnoll hits you but does no damage.
You hit the gnoll.
The gnoll is moderately wounded.
The gnoll hits you with a +0 club.
* * * LOW HITPOINT WARNING * * *
You block the gnoll's attack.
You hit the gnoll but do no damage.
The gnoll is moderately wounded.
The gnoll hits you with a +0 club.
You die...

#############
#@g.........#
#g##.##.....######
#..#.##..........#
#..#.##.....####..
#..#.##.....# ###
#....##.....# #
#.#..########
#.......#########
#.##............##


You could see 2 gnolls.

Vanquished Creatures
  A scorpion (D:3)
  A gnoll bouda (D:3)
  Robin (D:2)
  5 gnolls (D:3)
  5 adders
  A worm (D:3)
  A dart slug (D:3)
  An orc (D:3)
  7 ball pythons
  6 endoplasms
  2 giant cockroaches
  13 goblins
  11 hobgoblins
  6 jackals
  8 kobolds
  6 quokkas
  8 bats
  2 frilled lizards
85 creatures vanquished.

Vanquished Creatures (others)
  A quokka (D:3)
1 creature vanquished.

Grand Total: 86 creatures vanquished

Notes
Turn   | Place    | Note
-------+----------+-------------------------------------------
     0 | D:1      | NotreDorf the Merfolk Gladiator began the quest for the
                  | Orb.
     0 | D:1      | Reached XP level 1. HP: 16/16 MP: 1/1
   302 | D:1      | Found a faded altar of an unknown god.
   426 | D:1      | Reached XP level 2. HP: 23/23 MP: 2/2
   828 | D:1      | Reached XP level 3. HP: 28/28 MP: 4/4
  1112 | D:2      | Reached skill level 1 in Spellcasting
  1126 | D:2      | Noticed Robin
  1611 | D:2      | Reached XP level 4. HP: 28/34 MP: 6/6
  1817 | D:2      | Found Rabriat's Distillery.
  1822 | D:2      | Identified the +8 dagger "Fyrog" {vamp, Str+4}
  1828 | D:2      | Bought a potion of heal wounds for 50 gold pieces
  1963 | D:2      | Killed Robin
  2002 | D:2      | Reached skill level 5 in Polearms
  2002 | D:2      | Reached skill level 5 in Dodging
  2145 | D:2      | Gained mutation: You are partially covered in large bone
                  | plates. (SH +4) [potion of mutation]
  2145 | D:2      | Gained mutation: You are occasionally teleported next to
                  | monsters. [potion of mutation]
  2145 | D:2      | Gained mutation: You expend magic power (3 MP) to
                  | strengthen your wands. [potion of mutation]
  2156 | D:3      | Noticed a scorpion
  2156 | D:3      | Found Heloafix's Antique Armour Boutique.
  2163 | D:3      | Killed a scorpion
  2164 | D:3      | Reached XP level 5. HP: 24/41 MP: 6/8
  2166 | D:3      | Found a white marble altar of Elyvilon.
  2307 | D:3      | Found Fiapnie's Jewellery Boutique.
  2308 | D:3      | Found a basalt altar of Yredelemnul.
  2362 | D:3      | Found an ornate altar of the Wu Jian Council.
  2701 | D:3      | Reached XP level 6. HP: 27/48 MP: 9/9
  2924 | D:3      | Found Nepude's Antique Weapon Boutique.
  3163 | D:3      | Found Awkip's Book Shop.
  3237 | D:3      | HP: 2/48 [gnoll/+0 club[a gnoll bouda] (1)]
  3240 | D:3      | Slain by a gnoll

Illustrated notes

Levels and vault maps discovered:
D:1:      scummos_arrival_gate, layout_loops_corners,
          shapermc_ecumenical_altar_notcrosses
D:2:      layout_basic, serial_shops, shop_statue, dk_noncrumbling_4, uniq_robin
D:3:      layout_basic, old_standard_altar, yredelemnul_altar_generic,
          elyvilon_altar_4, serial_shops, nicolae_shop_hallway_plus, shop, shop,
          nicolae_shop_trees
D:4:      minmay_general_purpose_star, layout_loops_cross, zin_scriptorium,
          minivault_25, uniq_grinder

Skill      XL: |  1  2  3  4 |
---------------+-------------+-----
Spellcasting   | 1 2 |  2.5
Fighting       | 3 |  3.9
Polearms       | 5 |  5.6
Dodging        | 5 |  5.6
Throwing       | |  2.0

Action                   |  1- 3 |  4- 6 || total
-------------------------+-------+-------++-------
Melee: Trident           |   105 |   142 ||   247
       Punch             |       |     2 ||     2
       Halberd           |       |    25 ||    25
  Use: Scroll            |       |    10 ||    10
       Potion            |       |     4 ||     4
 Stab: Sleeping          |     3 |     4 ||     7
       Distracted        |     1 |       ||     1
Armor: Leather armour    |    20 |    20 ||    40
Dodge: Dodged            |    64 |    88 ||   152
Block: Other             |       |    15 ||    15
